cohdb
Replays
Latest Replays
All Replays
Popular Replays
Top Player Replays
Match Explorer
How It Works
Community
CoH3 Stats
Reddit
Sign in to upload your games and track your stats! →
Sign in with Steam
Match 48294168
Unlisted
Match 48294168
Overview
Messages
Build Orders
End
Panzerpioneer Squad
250 Light Carrier
Kradschützen Motorcycle Team
Construct Light Support Kompanie
MG34 Team
Fire Support Elements
MG34 Team
le.IG 18 Support Gun Team
Panzerjäger Squad
Flakvierling Half-track
Construct Mechanized Kompanie
Panzerjäger Squad
Construct Panzerarmee Kommand
Armored Reserves
Tiger Heavy Tank
Emergency Repair Kits
Vehicle Survival Package
18-tonne Recovery Half-track
Selects Panzerjäger Kommand Battlegroup
Selects Tank Busters
Selects Crew Shock Tactics
Selects Elefant Tank Destroyer
Elefant Tank Destroyer
Walking Stuka Rocket Launcher
Panzerpioneer Squad
Selects Mine Fields
Selects Defensive Positions
18-tonne Recovery Half-track
Tiger Heavy Tank
Panzerpioneer Squad
Tungsten Core Ammunition
Panzerpioneer Squad
Rapid Advance
Elefant Tank Destroyer
Selects Butterfly Bomb Drop
Butterfly Bomb Drop
Black Dynamite
Blue Semtex
Big Steppa#Stomped
Crazy Dog
OwlBoy.
SneaKerz
gb_gbg
Woomy
0
0
Comments
sign in to comment!
No comments posted yet!